PA
PHOENIX HOTSPUR U-21 @ YELLOWKNIFE DRAGONBLOOD
07/12/2029
 
TOP OF THE 1ST
Phoenix Hotspur U-21 batting - Pitching for Yellowknife Dragonblood : RHP Kazuchika Okada
Pitching: RHP Kazuchika Okada
Batting: LHB Damian Alldred 0-0: Ball
1-0: SINGLE (Groundball, 34D)
Batting: LHB Tyler Kinjeketile 0-0: Ball
1-0: Ball
2-0: Ball
3-0: Base on Balls
Damian Alldred to second
Batting: LHB Jason DeGeorge 0-0: Swinging Strike
0-1: Ball
1-1: Called Strike
1-2: Ball
2-2: Ball
3-2: Foul Ball, location: 2F
3-2: Foul Ball, location: 2F
3-2: Foul Ball, location: 2F
3-2: Base on Balls
Damian Alldred to third
Tyler Kinjeketile to second
Batting: RHB Juan Negrete 0-0: Foul Ball, location: 2F
0-1: Ball
1-1: Ball
2-1: Fielders Choice at 2nd, 3-6 (Groundball, 34)
Damian Alldred scores
Tyler Kinjeketile to third
Batting: RHB Jim Justice 0-0: Ball
1-0: Called Strike
1-1: Ball
2-1: Foul Ball, location: 2F
2-2: Ball
3-2: Strikes out looking
Batting: RHB Braylen Sampson 0-0: Ball
1-0: Fielders Choice at 2nd, U6 (Groundball, 6M)
Top of the 1st over - 1 run, 1 hit, 0 errors, 2 left on base; Phoenix 1 - Yellowknife 0
BOTTOM OF THE 1ST
Yellowknife Dragonblood batting - Pitching for Phoenix Hotspur U-21 : RHP Larry Souder
Pitching: RHP Larry Souder
Batting: RHB Bill Boyd 0-0: Foul Ball, location: 2F
0-1: SINGLE (Line Drive, 7S)
Batting: RHB Juan López 0-0: Called Strike
0-1: Ball
Wild Pitch!
Bill Boyd to second
1-1: Foul Ball, location: 2F
1-2: Ball
2-2: Fly out, F4 (Line Drive, 4)
Batting: LHB Jayden Laming 0-0: Ball
1-0: Called Strike
1-1: Fly out, F8 (Flyball, 78M)
Batting: RHB Fernando González 0-0: Ball
1-0: Called Strike
1-1: Called Strike
1-2: Strikes out swinging
Bottom of the 1st over - 0 runs, 1 hit, 0 errors, 1 left on base; Phoenix 1 - Yellowknife 0
TOP OF THE 2ND
Phoenix Hotspur U-21 batting - Pitching for Yellowknife Dragonblood : RHP Kazuchika Okada
Batting: RHB Bill Erickson 0-0: Called Strike
0-1: Ball
1-1: Ball
2-1: Fly out, F8 (Flyball, 8RM)
Batting: RHB George Robinson 0-0: Foul Ball, location: 2F
0-1: Foul Ball, location: 2F
0-2: Foul Ball, location: 2F
0-2: Ball
1-2: Ball
2-2: Foul Ball, location: 2F
2-2: Fly out, F9 (Flyball, 89D)
Batting: RHB Greg Billingsley 0-0: Ball
1-0: Ball
2-0: Ball
3-0: Base on Balls
Batting: LHB Damian Alldred 0-0: Ball
1-0: Ball
2-0: Swinging Strike
2-1: SINGLE (Line Drive, 6D)
Greg Billingsley to second
Batting: LHB Tyler Kinjeketile 0-0: Ball
1-0: Swinging Strike
1-1: Ball
2-1: Foul Ball, location: 2F
2-2: Strikes out swinging
Top of the 2nd over - 0 runs, 1 hit, 0 errors, 2 left on base; Phoenix 1 - Yellowknife 0
BOTTOM OF THE 2ND
Yellowknife Dragonblood batting - Pitching for Phoenix Hotspur U-21 : RHP Larry Souder
Batting: LHB Santiago Miranda 0-0: Called Strike
0-1: Ball
1-1: Swinging Strike
1-2: Strikes out swinging
Batting: RHB Víctor Cuevas 0-0: Ball
1-0: Ground out 6-3 (Groundball, 6)
Batting: RHB Víctor Murguia 0-0: Ball
1-0: Swinging Strike
1-1: Swinging Strike
1-2: SINGLE (Groundball, 56D)
Batting: RHB Cristo Cuervo 0-0: Called Strike
0-1: Foul Ball, location: 2F
0-2: Ball
1-2: Strikes out swinging
Bottom of the 2nd over - 0 runs, 1 hit, 0 errors, 1 left on base; Phoenix 1 - Yellowknife 0
TOP OF THE 3RD
Phoenix Hotspur U-21 batting - Pitching for Yellowknife Dragonblood : RHP Kazuchika Okada
Batting: LHB Jason DeGeorge 0-0: Ball
1-0: Called Strike
1-1: Fly out, F9 (Flyball, 9S)
Batting: RHB Juan Negrete 0-0: Ball
1-0: Foul Ball, location: 2F
1-1: Ground out 5-3 (Groundball, 56S)
Batting: RHB Jim Justice 0-0: Ball
1-0: Called Strike
1-1: Ball
2-1: Ball
3-1: Fly out, F8 (Flyball, 8RD)
Top of the 3rd over - 0 runs, 0 hits, 0 errors, 0 left on base; Phoenix 1 - Yellowknife 0
BOTTOM OF THE 3RD
Yellowknife Dragonblood batting - Pitching for Phoenix Hotspur U-21 : RHP Larry Souder
Batting: RHB Mitsuhide Bando 0-0: Swinging Strike
0-1: Foul Ball, location: 2F
0-2: Foul Ball, location: 2F
0-2: Ball
1-2: Strikes out swinging
Batting: RHB Bill Boyd 0-0: Foul Ball, location: 2F
0-1: Ball
1-1: Fly out, F8 (Line Drive, 8RD)
Batting: RHB Juan López 0-0: Called Strike
0-1: Ground out U3 (Groundball, 34)
Bottom of the 3rd over - 0 runs, 0 hits, 0 errors, 0 left on base; Phoenix 1 - Yellowknife 0
TOP OF THE 4TH
Phoenix Hotspur U-21 batting - Pitching for Yellowknife Dragonblood : RHP Kazuchika Okada
Batting: RHB Braylen Sampson 0-0: Called Strike
0-1: Foul Ball, location: 2F
0-2: Fly out, F6 (Line Drive, 6M)
Batting: RHB Bill Erickson 0-0: Called Strike
0-1: Fly out, F7 (Flyball, 78M)
Batting: RHB George Robinson 0-0: Ball
1-0: Swinging Strike
1-1: Ground out 4-3 (Groundball, 4)
Top of the 4th over - 0 runs, 0 hits, 0 errors, 0 left on base; Phoenix 1 - Yellowknife 0
BOTTOM OF THE 4TH
Yellowknife Dragonblood batting - Pitching for Phoenix Hotspur U-21 : RHP Larry Souder
Batting: LHB Jayden Laming 0-0: Swinging Strike
0-1: Swinging Strike
0-2: Strikes out looking
Batting: RHB Fernando González 0-0: Fly out, F8 (Flyball, 8RD)
Batting: LHB Santiago Miranda 0-0: Ball
1-0: Fly out, F7 (Flyball, 7)
Bottom of the 4th over - 0 runs, 0 hits, 0 errors, 0 left on base; Phoenix 1 - Yellowknife 0
TOP OF THE 5TH
Phoenix Hotspur U-21 batting - Pitching for Yellowknife Dragonblood : RHP Kazuchika Okada
Batting: RHB Greg Billingsley 0-0: Ground out 5-3 (Groundball, 56)
Batting: LHB Damian Alldred 0-0: Called Strike
0-1: Swinging Strike
0-2: Strikes out swinging
Batting: LHB Tyler Kinjeketile 0-0: Called Strike
0-1: Foul Ball, location: 2F
0-2: Ball
1-2: Foul Ball, location: 2F
1-2: Ball
2-2: Ball
3-2: SINGLE (Groundball, 34D)
Batting: LHB Jason DeGeorge 0-0: Ball
1-0: Called Strike
1-1: Ball
2-1: Hit by Pitch
Tyler Kinjeketile to second
Batting: RHB Juan Negrete 0-0: Ball
1-0: Fly out, F7 (Flyball, 78M)
Top of the 5th over - 0 runs, 1 hit, 0 errors, 2 left on base; Phoenix 1 - Yellowknife 0
BOTTOM OF THE 5TH
Yellowknife Dragonblood batting - Pitching for Phoenix Hotspur U-21 : RHP Larry Souder
Batting: RHB Víctor Cuevas 0-0: Ball
1-0: Ball
2-0: Called Strike
2-1: Ball
3-1: DOUBLE (Line Drive, 7LD)
Batting: RHB Víctor Murguia 0-0: Called Strike
Víctor Cuevas steals 3rd base
0-1: Fly out, F7 (Line Drive, 7)
Runner from 3rd tags up, SCORES, no throw
Batting: RHB Cristo Cuervo 0-0: Ball
1-0: Ground out 5-3 (Groundball, 56S)
Batting: RHB Mitsuhide Bando 0-0: Ball
1-0: Foul Ball, location: 2F
1-1: Ball
2-1: Foul Ball, location: 2F
2-2: Foul Ball, location: 2F
2-2: Foul Ball, location: 2F
2-2: Strikes out swinging
Bottom of the 5th over - 1 run, 1 hit, 0 errors, 0 left on base; Phoenix 1 - Yellowknife 1
TOP OF THE 6TH
Phoenix Hotspur U-21 batting - Pitching for Yellowknife Dragonblood : RHP Kazuchika Okada
Batting: RHB Jim Justice 0-0: Called Strike
0-1: Swinging Strike
0-2: Strikes out swinging
Batting: RHB Braylen Sampson 0-0: Fly out, F7 (Flyball, 7S)
Batting: RHB Bill Erickson 0-0: SINGLE (Line Drive, 89S)
Batting: RHB George Robinson 0-0: Called Strike
0-1: Called Strike
0-2: Ball
1-2: Hit by Pitch
Bill Erickson to second
Batting: RHB Greg Billingsley 0-0: Ball
1-0: Ball
2-0: Ball
3-0: Called Strike
3-1: Foul Ball, location: 2F
3-2: Strikes out swinging
Top of the 6th over - 0 runs, 1 hit, 0 errors, 2 left on base; Phoenix 1 - Yellowknife 1
BOTTOM OF THE 6TH
Yellowknife Dragonblood batting - Pitching for Phoenix Hotspur U-21 : RHP Larry Souder
Batting: RHB Bill Boyd 0-0: Ball
1-0: Foul Ball, location: 2F
1-1: Ball
2-1: Swinging Strike
2-2: Strikes out swinging
Batting: RHB Juan López 0-0: Ball
1-0: Ball
2-0: Ball
3-0: Base on Balls
Batting: LHB Jayden Laming 0-0: Fly out, F7 (Flyball, 7D)
Batting: RHB Fernando González 0-0: Swinging Strike
0-1: Swinging Strike
0-2: Strikes out swinging
Bottom of the 6th over - 0 runs, 0 hits, 0 errors, 1 left on base; Phoenix 1 - Yellowknife 1
TOP OF THE 7TH
Phoenix Hotspur U-21 batting - Pitching for Yellowknife Dragonblood : RHP Kazuchika Okada
Batting: LHB Damian Alldred 0-0: Called Strike
0-1: Swinging Strike
0-2: Strikes out swinging
Batting: LHB Tyler Kinjeketile 0-0: Called Strike
0-1: Swinging Strike
0-2: Foul Ball, location: 2F
0-2: SINGLE (Groundball, 4D)
Pitching: LHP Tony Torres
Batting: LHB Jason DeGeorge 0-0: Called Strike
0-1: Swinging Strike
0-2: SINGLE (Line Drive, 9S)
Tyler Kinjeketile to second
Batting: RHB Juan Negrete 0-0: Ball
1-0: Foul Ball, location: 2F
1-1: Foul Ball, location: 2F
1-2: Ball
2-2: Fielders Choice at 2nd, 5-4 (Groundball, 56)
Tyler Kinjeketile to third
Batting: RHB Jim Justice 0-0: Ball
1-0: Ball
2-0: Fly out, F3 (Popup, 3L)
Top of the 7th over - 0 runs, 2 hits, 0 errors, 2 left on base; Phoenix 1 - Yellowknife 1
BOTTOM OF THE 7TH
Yellowknife Dragonblood batting - Pitching for Phoenix Hotspur U-21 : RHP Larry Souder
Batting: LHB Santiago Miranda 0-0: Called Strike
0-1: Ground out 1-3 (Groundball, 13S)
Batting: RHB Víctor Cuevas 0-0: Called Strike
0-1: Ground out 5-3 (Groundball, 56S)
Batting: RHB Víctor Murguia 0-0: Ball
1-0: Fly out, F9 (Flyball, 89D)
Bottom of the 7th over - 0 runs, 0 hits, 0 errors, 0 left on base; Phoenix 1 - Yellowknife 1
TOP OF THE 8TH
Phoenix Hotspur U-21 batting - Pitching for Yellowknife Dragonblood : LHP Tony Torres
Batting: RHB Braylen Sampson 0-0: Foul Ball, location: 2F
0-1: Ball
1-1: Swinging Strike
1-2: Foul Ball, location: 2F
1-2: Fly out, F5 (Popup, 5)
Batting: RHB Bill Erickson 0-0: Foul Ball, location: 2F
0-1: Ball
1-1: Swinging Strike
1-2: Foul Ball, location: 2F
1-2: Fly out, F9 (Flyball, 9S)
Batting: RHB George Robinson 0-0: Called Strike
0-1: Swinging Strike
0-2: Strikes out swinging
Top of the 8th over - 0 runs, 0 hits, 0 errors, 0 left on base; Phoenix 1 - Yellowknife 1
BOTTOM OF THE 8TH
Yellowknife Dragonblood batting - Pitching for Phoenix Hotspur U-21 : RHP Larry Souder
Batting: RHB Cristo Cuervo 0-0: Ball
1-0: Ground out 6-3 (Groundball, 6M)
Pinch Hitting: SHB Miklos Elias 0-0: Swinging Strike
0-1: Ball
1-1: Foul Ball, location: 2F
1-2: Strikes out swinging
Batting: RHB Bill Boyd 0-0: Swinging Strike
0-1: Ball
1-1: Fly out, F7 (Line Drive, 78S)
Bottom of the 8th over - 0 runs, 0 hits, 0 errors, 0 left on base; Phoenix 1 - Yellowknife 1
TOP OF THE 9TH
Phoenix Hotspur U-21 batting - Pitching for Yellowknife Dragonblood : LHP Tony Torres
Now at SS: Miklos Elias
Pinch Hitting: RHB Dale Everest 0-0: Ball
1-0: Called Strike
1-1: Ball
2-1: Foul Ball, location: 2F
2-2: Ball
3-2: Base on Balls
Batting: LHB Damian Alldred 0-0: Ball
1-0: Bunt - Flyout! F3
Batting: LHB Tyler Kinjeketile 0-0: Ball
1-0: Grounds into double play, 4-6-3 (Groundball, 4)
Top of the 9th over - 0 runs, 0 hits, 0 errors, 0 left on base; Phoenix 1 - Yellowknife 1
BOTTOM OF THE 9TH
Yellowknife Dragonblood batting - Pitching for Phoenix Hotspur U-21 : RHP Larry Souder
Pitching: RHP Jason MacDonald
Now at 2B: Dale Everest
Batting: RHB Juan López 0-0: Ball
1-0: Hit by Pitch
Pinch Runner at 1st Gonzalo Vásquez:
Batting: LHB Jayden Laming 0-0: 2-RUN HOME RUN (Flyball, 9LD), Distance : 339 ft
Tuesday, December 19th, 2017 - OOTP Baseball 18.8 Build 76